 Dungeon Crawl Stone Soup version 0.31-a0-920-g28cbb04a8c (webtiles) character file.

Game seed: 2916572129178612759

120 retardedninja the Firebug (level 5, 0/29 HPs)
             Began as a Gargoyle Fire Elementalist on Oct 17, 2023.
             Slain by Natasha (5 damage)
             ... on level 2 of the Dungeon.
             The game lasted 00:03:15 (2304 turns).

retardedninja the Firebug (GrFE)                    Turns: 2304, Time: 00:03:16

Health: 0/29       AC:  6    Str: 12    XL:     5   Next: 4%
Magic:  3/9        EV: 12    Int: 17    God:
Gold:   128        SH:  0    Dex: 10    Spells: 8/9 levels left

rFire   . . .        f - +0 spear
rCold   . . .        (no shield)
rNeg    + . .        a - +0 robe
rPois   ∞            (no helmet)
rElec   +            (no cloak)
rCorr   .            (no gloves)
SInv    .            (no boots)
Will    .....        (no amulet)
Stlth   ++           (no ring)
HPRegen 0.24/turn    (no ring)
MPRegen 0.11/turn

%: no passive effects
@: slowed, very slow
A: sickness immunity, AC +4, negative energy resistance 1, electricity
resistance, torment resistance 1, petrification resistance
a: no special abilities


You were on level 2 of the Dungeon.
You visited 1 branch of the dungeon, and saw 2 of its levels.

You collected 128 gold pieces.

Inventory:

Hand Weapons
 f - a +0 spear (weapon)
Armour
 a - a +0 robe (worn)
 n - a +0 helmet
Jewellery
 c - a ring of flight
Scrolls
 e - 2 scrolls of noise {unknown}
 h - 2 scrolls of teleportation {unknown}
 i - a scroll of enchant weapon {unknown}
 l - a scroll of silence {unknown}
 m - a scroll of torment {unknown}
Potions
 b - 2 potions of magic
 d - a potion of degeneration {unknown}
 g - a potion of attraction {unknown}
 j - a potion of ambrosia {unknown}
 k - 2 potions of heal wounds {unknown}


   Skills:
 + Level 1.6 Fighting
 - Level 1.7 Dodging
 - Level 2.4 Stealth
 + Level 2.7 Spellcasting
 + Level 2.3 Conjurations
 + Level 3.6 Fire Magic
 + Level 1.2 Air Magic


You had 8 spell levels left.
You knew the following spells:

 Your Spells              Type           Power      Damage    Failure   Level
a - Foxfire               Conj/Fire      48%        2x1d6     5%          1

Your spell library contained the following spells:

 Spells                   Type           Power      Damage    Failure   Level
 Scorch                   Fire           28%        2d6       6%          2
 Freeze                   Ice            8%         1d3       19%         1
 Inner Flame              Hex/Fire       8%         N/A       26%         3
 Volatile Blastmotes      Fire/Tloc      16%        2d11      26%         3
 Hailstorm                Conj/Ice       6%         3d4       32%         3
 Flame Wave               Conj/Fire      12%        2d6       45%         4
 Frozen Ramparts          Ice            4%         1d1       47%         3


Dungeon Overview and Level Annotations

Branches:
Dungeon (2/15)

Altars:

Shops:
D:1 *=[?=

Annotations:
D:2 Natasha


Innate Abilities, Weirdness & Mutations

You are immune to sickness and miasma.
Your stone body is resilient. (AC +4)
You are immune to poison.
You resist negative energy. (rN+)
You are resistant to electric shocks. (rElec)
You are resistant to unholy torment.
You are immune to petrification.


Message History

Natasha is moderately wounded.
The cerulean imp barely misses you. Natasha claws you but does no damage.
Casting: Foxfire (safe; 5% risk of failure)
Press: ? - help, Q - select action Dir - look around, f - activate You miscast Foxfire.
You are very lightly contaminated with residual magic.
Nothing appears to happen.
The cerulean imp barely misses you. Natasha claws you.
The cerulean imp disappears in a puff of smoke!
Natasha claws you but does no damage.
Casting: Foxfire (safe; 5% risk of failure)
Press: ? - help, Q - select action Dir - look around, f - activate You conjure some foxfire!
Natasha mumbles some strange words.
The foxfire hits Natasha.
Natasha is heavily wounded.
The foxfire hits Natasha.
Natasha is heavily wounded.
The cerulean imp hits you but does no damage.
Natasha stares at you and mumbles some strange words.
You feel yourself slow down.
The cerulean imp hits you with a +2 spear.
Natasha claws you but does no damage.
Casting: Foxfire (safe; 5% risk of failure)
Press: ? - help, Q - select action Dir - look around, f - activate You conjure some foxfire!
Natasha stares at you and mumbles some strange words.
You resist with some effort. The cerulean imp completely misses you.
The cerulean imp misses you. Natasha claws you!
* * * LOW HITPOINT WARNING * * *
Your magical contamination has completely faded away.
The foxfire hits Natasha.
Natasha is severely wounded.
The foxfire hits Natasha.
Natasha is almost dead.
The cerulean imp hits you with a +2 spear.
* * * LOW HITPOINT WARNING * * *
Natasha claws you.
You die...
Natasha curls up and begins to purr.

#.#.......# # #.#....... .## #.#
..h.. ####. .##.# .5. #... ...#
#)# ##.## ##'####†# ####
###...### ###...#...# ...#
#.'.8..[###...8.'.###### ##.#
#.#......§@h....#......# #
##.####.###...)<.5..########.####
..........###.....###............
##.######## ##.8.##......#.#.####
##.# ###.....####.#...#.# # ...#
###....>....#####.##.# # ####
####.............#......# #
#....8...###...8......### #
#.##...###.###...##...# ##


You could see Natasha and a cerulean imp (summoned).

Vanquished Creatures
  Natasha (twice) (D:2)
  Robin (D:2)
  An adder (D:2)
  A dart slug (D:2)
  4 ball pythons (D:1)
  5 endoplasms
  A giant cockroach (D:1)
  9 goblins
  5 hobgoblins
  2 jackals (D:1)
  4 quokkas (D:1)
  4 bats
  A frilled lizard (D:1)
  2 kobolds
  2 rats (D:2)
44 creatures vanquished.

Vanquished Creatures (others)
  173 foxfires
173 creatures vanquished.

Grand Total: 217 creatures vanquished

Notes
Turn   | Place    | Note
-------+----------+-------------------------------------------
     0 | D:1      | retardedninja the Gargoyle Fire Elementalist began the
                  | quest for the Orb.
     0 | D:1      | Reached XP level 1. HP: 10/10 MP: 3/3
    60 | D:1      | Found Qifraisen's Jewellery Shoppe.
   205 | D:1      | Reached XP level 2. HP: 15/15 MP: 0/5
   385 | D:1      | Found Zaofoec's Jewellery Shop.
   415 | D:1      | Found Coatistuw's Armour Shop.
   710 | D:1      | Found Vefaren's General Store.
   867 | D:1      | Reached XP level 3. HP: 7/20 MP: 2/6
   975 | D:1      | Found Jeury's Magic Scroll Boutique.
  1533 | D:2      | Noticed Natasha
  1547 | D:2      | Killed Natasha
  1548 | D:2      | Reached skill level 1 in Fighting
  1620 | D:2      | Reached XP level 4. HP: 25/25 MP: 2/7
  1767 | D:2      | Noticed Robin
  1890 | D:2      | Killed Robin
  1891 | D:2      | Reached skill level 1 in Air Magic
  2053 | D:2      | Noticed Natasha
  2069 | D:2      | Killed Natasha
  2135 | D:2      | Reached XP level 5. HP: 29/29 MP: 6/9
  2272 | D:2      | Noticed Natasha
  2304 | D:2      | Slain by Natasha

Illustrated notes

Levels and vault maps discovered:
D:1:      dpeg_arrival_simpleton_b, layout_basic, serial_shops, shop,
          nicolae_shop_gaudy_bauble, shop, nicolae_shop_just_a_little_nook,
          nicolae_shop_stone
D:2:      layout_loops_cross, grunt_ministairs_13, uniq_robin, uniq_natasha

Skill      XL: |  1  2  3  4 |
---------------+-------------+-----
Fighting       | 1 |  1.6
Conjurations   | 2 |  2.3
Air Magic      | 1 |  1.2
Dodging        | |  1.7
Stealth        | |  2.4
Spellcasting   | |  2.7
Fire Magic     | |  3.6

Action                     |  1- 3 |  4- 6 || total
---------------------------+-------+-------++-------
  Melee: Unarmed           |     2 |       ||     2
         Spear             |     7 |     4 ||    11
   Cast: Foxfire           |    65 |    37 ||   102
 Armour: Robe              |    25 |    45 ||    70
  Dodge: Dodged            |    28 |    42 ||    70

Table legend: (Time is in decaauts)
 A = Elapsed time spent in this place.
 B = Non-inter-level travel time spent in this place.
 C = Inter-level travel time spent in this place.
 D = Time resting spent in this place.
 E = Time spent auto-exploring this place.
 F = Levels seen in this place.
 G = Mean time per level.
                   A        B        C        D        E       F      G
               +--------+--------+--------+--------+--------+-----+--------+
         Total |   2305 |   2285 |     20 |     55 |   1848 |   2 | 1152.5 |
       Dungeon |   2305 |   2285 |     20 |     55 |   1848 |   2 | 1152.5 |
               +--------+--------+--------+--------+--------+-----+--------+

Top non-repeatable levels by time:
     D:1: 1388 daAuts
     D:2: 917 daAuts
